 Dungeon Crawl Stone Soup version 0.19.4-9-g45fd643 (webtiles) character file.

8168 vatarom the Zephyrmancer (level 11, -3/84 HPs)
             Began as a Mottled Draconian Air Elementalist on Feb 22, 2017.
             Was a Priest of Vehumet.
             Slain by a black mamba (15 damage)
             ... on level 2 of the Lair of Beasts.
             The game lasted 00:38:13 (12864 turns).

vatarom the Zephyrmancer (DrAE)                    Turns: 12864, Time: 00:38:14

Health: -3/84      AC: 10    Str: 11    XL:     11   Next: 6%
Magic:  14/31      EV: 12    Int: 19    God:    Vehumet [***...]
Gold:   304        SH:  0    Dex:  9    Spells: 7 memorised, 5 levels left

rFire  + + .     SeeInvis .     J - +3 quarterstaff (chaos)
rCold  . . .     Gourm    .     (armour unavailable)
rNeg   . . .     Faith    .     (shield currently unavailable)
rPois  .         Spirit   .     (helmet restricted)
rElec  .         Reflect  .     I - +1 cloak
rCorr  .         Harm     .     (no gloves)
MR     +....                    t - +0 pair of boots
Stlth  ++........               (no amulet)
                                c - ring of protection from fire
                                f - ring of magical power

@: about to teleport, short of breath, repel missiles
A: breathe sticky flame splash, unfitting armour, big wings, claws 1, clumsy 1,
fire resistance 1, magic resistance 1, regeneration 1, cold-blooded, AC +7
a: Breathe Sticky Flame, Fly, Renounce Religion


You were on level 2 of the Lair of Beasts.
You worshipped Vehumet.
Vehumet was most pleased with you.
You were not hungry.

You visited 3 branches of the dungeon, and saw 13 of its levels.

You collected 424 gold pieces.
You spent 120 gold pieces at shops.

Inventory:

Hand Weapons
 n - a +0 whip of venom
 J - a +3 quarterstaff of chaos (weapon)
Missiles
 e - 3 tomahawks of dispersal (quivered)
Armour
 t - a +0 pair of boots (worn)
 I - a +1 cloak (worn)
Jewellery
 c - a ring of protection from fire (right claw)
 f - a ring of magical power (left claw)
 k - a +3 ring of strength
 l - an uncursed ring of protection from fire
 q - an uncursed ring of stealth
 x - an uncursed ring of positive energy
 E - an uncursed ring of ice
Wands
 a - a wand of iceblast (10/15)
 v - a wand of slowing (13/48)
 w - a wand of slowing (30/48)
 y - a wand of disintegration (18/24)
 H - a wand of digging (13/24)
 L - a wand of flame (25/48)
 O - a wand of iceblast (9/15)
Scrolls
 d - 6 scrolls of identify
 g - 3 scrolls of noise
 o - 2 scrolls of teleportation
 r - 2 scrolls of immolation
 s - 2 scrolls of amnesia
 z - a scroll of blinking
 B - a scroll of enchant weapon
 C - 2 scrolls of remove curse
Potions
 h - 3 potions of agility
 j - a potion of flight
 p - a potion of haste
 A - a potion of lignification
 F - a potion of curing
 N - a potion of might {unknown}
Books
 D - a book of Callings

   Spells                             Type                      Level
   a - Summon Small Mammal            Summoning                    1
   b - Call Imp                       Summoning                    2
   c - Call Canine Familiar           Summoning                    3
   d - Summon Guardian Golem          Hexes/Summoning              3
   e - Summon Lightning Spire         Summoning/Air                4
   f - Summon Ice Beast               Ice/Summoning                4
 M - a book of Minor Magic

   Spells                             Type                      Level
   a - Magic Dart                     Conjuration                  1
   b - Blink                          Translocation                2
   c - Call Imp                       Summoning                    2
   d - Repel Missiles                 Charms/Air                   2
   e - Slow                           Hexes                        2
   f - Conjure Flame                  Conjuration/Fire             3
   g - Mephitic Cloud                 Conjuration/Poison/Air       3
Comestibles
 b - 9 bread rations
 i - 3 beef jerkies
 u - 4 royal jellies
 G - 3 meat rations
 K - 13 fruits
 Q - a slice of pizza


   Skills:
 - Level 4.0 Fighting
 + Level 2.6 Dodging
 - Level 1.7 Stealth
 - Level 7.8 Spellcasting
 - Level 6.9 Conjurations
 - Level 12.7 Air Magic


You had 5 spell levels left.
You knew the following spells:

 Your Spells              Type           Power        Failure   Level  Hunger
a - Shock                 Conj/Air       ####         1%          1    None
b - Repel Missiles        Chrm/Air       ####..       1%          2    None
c - Swiftness             Chrm/Air       ####....     1%          2    None
d - Static Discharge      Conj/Air       #####...     1%          3    #......
e - Lightning Bolt        Conj/Air       #####.....   1%          5    #####..
f - Summon Lightning Spi  Summ/Air       ####....     10%         4    ###....
g - Mephitic Cloud        Conj/Pois/Air  ####....     1%          3    #......


Dungeon Overview and Level Annotations

Branches:
Dungeon (10/15)            Temple (1/1) D:6            Lair (2/6) D:9
  Swamp: Lair:2-4    Shoals: Lair:2-4     Snake: Lair:2-4    Spider: Lair:2-4
    Orc: D:9-12

Altars:
Ashenzari
Cheibriados
Dithmenos
Elyvilon
Fedhas
Hepliaklqana
Kikubaaqudgha
Makhleb
Nemelex Xobeh
Okawaru
Qazlal
Ru
Sif Muna
Trog
Vehumet
Xom
Yredelemnul
Zin
The Shining One

Shops:
D:4 ?!((=   D:6 *   D:7 *

Annotations:
D:4 Maelstr0m's ghost, novice FoFi


Innate Abilities, Weirdness & Mutations

You can spit globs of burning liquid.
You can ignite nearby creatures when you spit burning liquid.
Your weird mottled scales are hard. (AC +7)
You cannot fit into any form of body armour.
You are cold-blooded and may be slowed by cold attacks.
Your large and strong wings let you fly indefinitely.
You have sharp fingernails.
You are clumsy. (Dex -2)
Your flesh is heat resistant. (rF+)
You are resistant to hostile enchantments. (MR+)
Your natural rate of healing is unusually fast.


Message History

The lightning grounds out.
The elephant trumpets!
The elephant burns!
The wolf burns!
The black mamba burns!
The black mamba bites you. The wolf bites you.
The wolf bites something.
The black mamba bites you. The elephant closely misses you.
The elephant trunk-slaps you.
Unknown command.
As you read the scroll of teleportation, it crumbles to dust.
You feel strangely unstable.
The elephant burns!
The wolf burns!
You kill the wolf!
Vehumet accepts your kill.
You feel your power returning.
The black mamba burns!
The black mamba bites you!
* * * LOW HITPOINT WARNING * * *
The wolf bites you.
* * * LOW HITPOINT WARNING * * *
The elephant completely misses you.
The elephant trunk-slaps you but does no damage.
The black mamba bites you!
You die...

##. #..# #P.# ...#
.#.##### #...#.P#
.......#
..^....########### #
..).....#.##P.##@###P..#
.###...........hSYYh....
## ####..P###P.#hh......
##### #####.Y.....
#.##### ##


You could see 3 elephants, a black mamba (burning) and 4 wolves.

Vanquished Creatures
  A hydra (Lair:1)
  Pikel (D:5)
  A cyclops (D:9)
  Joseph (D:7)
  A spiny frog (Lair:1)
  2 hippogriffs
  Prince Ribbit (D:5)
  A spriggan (D:7)
  A hungry ghost (D:7)
  Edmund (D:6)
  2 water moccasins
  2 hell hounds (D:9)
  2 black bears
  2 porcupines
  2 ice beasts
  A slave (D:5)
  A necrophage (D:8)
  An orc warrior (D:7)
  A wolf (Lair:2)
  3 ogres
  2 phantoms (D:6)
  The ghost of empire the Ducker, an amateur HuMo of Sif Muna (D:3)
  7 centaurs
  A crocodile (Lair:1)
  A big kobold (D:8)
  6 bullfrogs
  Blork the orc (D:5)
  A gnoll sergeant (D:9)
  2 scorpions
  5 killer bees (D:8)
  A howler monkey (D:5)
  2 crimson imps
  A quasit (D:6)
  2 centaur zombies
  A centaur skeleton (D:4)
  5 hounds
  2 orc priests
  Crazy Yiuf (D:7)
  5 jellies
  11 orc wizards
  4 bullfrog skeletons
  An iguana (D:7)
  5 worker ants
  A hound skeleton (D:9)
  A howler monkey skeleton (D:9)
  9 adders
  5 gnolls
  2 shadow imps
  3 oozes
  5 worms
  5 dart slugs
  6 leopard geckos
  27 orcs
  6 bats
  6 giant cockroaches
  5 hobgoblins
  17 jackals
  4 quokkas
  A ball python (D:1)
  10 frilled lizards
  6 goblins
  9 kobolds
  7 rats
  2 fungi (D:7)
233 creatures vanquished.

Vanquished Creatures (collateral kills)
  2 hippogriffs (Lair:1)
  A wyvern (D:9)
  A hungry ghost (D:7)
  2 water moccasins (Lair:1)
  An ice beast (D:7)
  A crocodile (Lair:1)
  A howler monkey (D:9)
  2 iguanas
  2 gnolls (D:9)
  A quokka (D:9)
14 creatures vanquished.

Vanquished Creatures (others)
  A fungus (Lair:2)
1 creature vanquished.

Grand Total: 248 creatures vanquished

Notes
Turn   | Place    | Note
-------+----------+-------------------------------------------
     0 | D:1      | vatarom the Draconian Air Elementalist began the quest for the Orb.
     0 | D:1      | Reached XP level 1. HP: 14/14 MP: 3/3
   257 | D:1      | Reached XP level 2. HP: 20/20 MP: 3/5
   634 | D:1      | Reached skill level 4 in Air Magic
   823 | D:1      | Reached XP level 3. HP: 26/26 MP: 1/6
  1515 | D:2      | Learned a level 2 spell: Repel Missiles
  1518 | D:2      | Learned a level 2 spell: Swiftness
  1788 | D:2      | Reached skill level 5 in Air Magic
  1788 | D:2      | Reached XP level 4. HP: 27/33 MP: 0/7
  2034 | D:2      | Found a burning altar of Makhleb.
  2037 | D:2      | Found a white marble altar of Elyvilon.
  2040 | D:2      | Found a glowing silver altar of Zin.
  2178 | D:3      | Noticed empire's ghost (amateur HuMo)
  2655 | D:3      | Reached XP level 5. HP: 37/38 MP: 8/8
  2660 | D:3      | Learned a level 3 spell: Static Discharge
  3163 | D:3      | Reached skill level 6 in Air Magic
  4214 | D:4      | Found Ijadek's Magic Scroll Shop.
  4294 | D:4      | Reached XP level 6. HP: 22/45 MP: 3/9
  4359 | D:4      | Found Kosix's Weapon Shop.
  4376 | D:4      | Reached skill level 7 in Air Magic
  4642 | D:4      | Noticed Maelstr0m's ghost (novice FoFi)
  4643 | D:4      | Found Ybull's Jewellery Emporium.
  5316 | D:3      | Killed empire's ghost
  5316 | D:3      | Reached skill level 8 in Air Magic
  5820 | D:4      | Your scales start taking on a weird mottled colour.
  5820 | D:4      | Reached XP level 7. HP: 31/50 MP: 10/10
  6185 | D:4      | Found Haodgheh's Antique Weapon Shop.
  6283 | D:4      | Found Paecw's Distillery.
  6290 | D:4      | Bought a potion of mutation for 30 gold pieces
  6290 | D:4      | Bought a potion of mutation for 30 gold pieces
  6290 | D:4      | Gained mutation: Your muscles are strong. (Str +2) [potion of mutation]
  6290 | D:4      | Gained mutation: You have sharp fingernails. [potion of mutation]
  6290 | D:4      | Gained mutation: Your large and strong wings let you fly indefinitely. [potion of mutation]
  6291 | D:4      | Gained mutation: Your natural rate of healing is unusually fast. [potion of mutation]
  6291 | D:4      | Gained mutation: You are resistant to hostile enchantments. (MR+) [potion of mutation]
  6447 | D:5      | Entered Level 5 of the Dungeon
  6469 | D:5      | Noticed Blork the orc
  6482 | D:5      | Killed Blork the orc
  6496 | D:5      | Reached skill level 9 in Air Magic
  6874 | D:5      | Noticed Prince Ribbit
  6915 | D:5      | Killed Prince Ribbit
  6915 | D:5      | Reached skill level 10 in Air Magic
  6915 | D:5      | Reached XP level 8. HP: 48/57 MP: 1/11
  7277 | D:5      | Noticed Pikel
  7286 | D:5      | Killed Pikel
  7286 | D:5      | Reached skill level 5 in Spellcasting
  7625 | D:6      | Reached XP level 9. HP: 50/62 MP: 5/18
  7650 | D:6      | Learned a level 5 spell: Lightning Bolt
  7807 | D:6      | Found a staircase to the Ecumenical Temple.
  7816 | Temple   | Entered the Ecumenical Temple
  7846 | Temple   | Became a worshipper of Vehumet
  7857 | D:6      | Noticed Edmund
  8061 | D:6      | Found Iggonaenn's Assorted Antiques.
  8360 | D:6      | Killed Edmund
  8360 | D:6      | Reached * piety under Vehumet
  8360 | D:6      | Offered knowledge of Magic Dart by Vehumet.
  8723 | D:7      | Found Susaova's Assorted Antiques.
  8731 | D:7      | Bought a potion of mutation for 60 gold pieces
  8731 | D:7      | Lost mutation: Your muscles are strong. (Str +2) [potion of mutation]
  8731 | D:7      | Gained mutation: You are clumsy. (Dex -2) [potion of mutation]
  8731 | D:7      | Gained mutation: Your flesh is heat resistant. (rF+) [potion of mutation]
  9093 | D:7      | Learned a level 4 spell: Summon Lightning Spire
  9197 | D:7      | Noticed Joseph
  9241 | D:7      | Reached skill level 5 in Conjurations
  9568 | D:7      | Reached ** piety under Vehumet
  9836 | D:7      | Killed Joseph
  9836 | D:7      | Reached XP level 10. HP: 59/69 MP: 18/21
  9979 | D:7      | Found a runed door.
  9983 | D:7      | Noticed Crazy Yiuf
  9986 | D:7      | Killed Crazy Yiuf
  9986 | D:7      | Offered knowledge of Flame Tongue by Vehumet.
 10250 | D:8      | Reached skill level 1 in Fighting
 10597 | D:8      | Learned a level 3 spell: Mephitic Cloud
 10970 | D:8      | Offered knowledge of Throw Flame by Vehumet.
 11152 | D:9      | Reached skill level 11 in Air Magic
 11322 | D:9      | Noticed a cyclops
 11374 | D:9      | Killed a cyclops
 11505 | D:9      | Reached *** piety under Vehumet
 11689 | D:9      | Found an iron altar of Okawaru.
 11690 | D:9      | Found a basalt altar of Yredelemnul.
 11719 | D:9      | Found a staircase to the Lair.
 11999 | D:10     | Entered Level 10 of the Dungeon
 12067 | Lair:1   | Entered Level 1 of the Lair of Beasts
 12172 | Lair:1   | Reached skill level 12 in Air Magic
 12265 | Lair:1   | Noticed an eight-headed hydra
 12267 | Lair:1   | Noticed a spiny frog
 12269 | Lair:1   | Killed an eight-headed hydra
 12281 | Lair:1   | Killed a spiny frog
 12281 | Lair:1   | Offered knowledge of Stone Arrow by Vehumet.
 12281 | Lair:1   | Reached XP level 11. HP: 38/84 MP: 4/22
 12864 | Lair:2   | Slain by a black mamba

Skill      XL: |  1  2  3  4  5  6  7  8  9 10 11 |
---------------+----------------------------------+-----
Air Magic      | 4 5 6 8 10 12 | 12.7
Spellcasting   | 6 7 |  7.8
Conjurations   | 6 |  6.9
Fighting       | 4 |  4.0
Dodging        | 2 |  2.6
Stealth        | |  1.7

Action                   |  1- 3 |  4- 6 |  7- 9 | 10-12 || total
-------------------------+-------+-------+-------+-------++-------
Melee: Unarmed           |     9 |       |       |       ||     9
       Club              |    25 |       |       |       ||    25
       Tailslap          |     4 |    16 |    29 |    11 ||    60
       Dagger            |    16 |    18 |       |       ||    34
       Whip              |       |   135 |   237 |    27 ||   399
       Quarterstaff      |       |       |       |    54 ||    54
 Cast: Shock             |    76 |   127 |   140 |    45 ||   388
       Repel Missiles    |       |     1 |     3 |     1 ||     5
       Swiftness         |       |     2 |       |       ||     2
       Static Discharge  |       |       |    35 |    37 ||    72
       Summon Lightning  |       |       |     6 |    14 ||    20
       Lightning Bolt    |       |       |     4 |    17 ||    21
 Abil: Breathe Sticky Fl |       |       |     6 |     4 ||    10
  Use: Scroll            |     4 |    10 |     6 |     2 ||    22
       Potion            |     1 |     3 |     7 |     3 ||    14
 Stab: Sleeping          |       |     1 |       |     1 ||     2
       Distracted        |       |       |     1 |       ||     1
  Eat: Chunk             |     4 |     3 |     6 |     2 ||    15
       Bread ration      |       |     2 |     2 |     1 ||     5
       Meat ration       |       |     1 |     2 |     1 ||     4
       Royal jelly       |       |     1 |       |       ||     1
Armor: Skin              |    19 |    64 |   129 |    60 ||   272
Dodge: Dodged            |    61 |   154 |   263 |    79 ||   557
       Deflected         |       |     2 |    18 |     5 ||    25
